 Dungeon Crawl Stone Soup version 0.17-a0-1763-g847a857 (webtiles) character file.

72 hexophile the Shield-Bearer (level 4, 0/35 HPs)
             Began as a Formicid Fighter on Sept 5, 2015.
             Succumbed to an orc wizard's poison
             ... on level 3 of the Dungeon.
             The game lasted 00:02:46 (1860 turns).

hexophile the Shield-Bearer (Formicid Fighter)      Turns: 1860, Time: 00:02:46

Health: 0/35       AC:  6    Str: 21    XL:     4   Next: 50%
Magic:  4/4        EV: 13    Int: 12    God:
Gold:   78         SH: 10    Dex: 16    Spells: 0 memorised, 3 levels left

rFire  . . .     SeeInvis +     a - +0 war axe
rCold  . . .     Clarity  .     b - +0 scale mail
rNeg   . . .     SustAt   .     c - +0 shield
rPois  .         Gourm    .     (helmet unavailable)
rElec  .         Spirit   .     (no cloak)
rCorr  .         Warding  .     (no gloves)
rMut   .         Stasis   +     (no boots)
MR     .....                    (no amulet)
Stlth  ++........               m - ring of wizardry
                                u - ring of stealth

@: brilliant, agile, lethally poisoned (0 -> -13), not resistant to hostile
enchantments, unstealthy
A: permanent stasis, dig shafts and tunnels, four strong arms, antennae 3
a: Dig, Shaft Self


You were on level 3 of the Dungeon.
You were not hungry.

You visited 1 branch of the dungeon, and saw 3 of its levels.

You collected 78 gold pieces.

Inventory:

Hand weapons
 a - a +0 war axe (weapon)
Missiles
 g - 16 stones (quivered)
Armour
 b - a +0 scale mail (worn)
 c - a +0 shield (worn)
Jewellery
 m - a ring of wizardry (right hand)
 u - a ring of stealth (left hand)
Scrolls
 f - 2 scrolls of teleportation {unknown}
 h - a scroll of amnesia {unknown}
 j - a scroll of fear {unknown}
 k - a scroll of enchant armour {unknown}
 n - a scroll of recharging {unknown}
 o - a scroll of blinking {unknown}
 r - a scroll of identify {unknown}
 t - a scroll of enchant weapon {unknown}
Potions
 d - a potion of might
 s - a potion of cure mutation {!q!q}
Comestibles
 l - a beef jerky
 p - a slice of pizza
 q - a meat ration
 v - a fruit


   Skills:
 - Level 3.2 Fighting
 + Level 3.3 Axes
 - Level 3.2 Armour
 + Level 5.0 Shields


You had 3 spell levels left.
You didn't know any spells.

Dungeon Overview and Level Annotations

Branches:
Dungeon (3/15)

Altars:
Trog
The Shining One


Innate Abilities, Weirdness & Mutations

You are under a permanent stasis effect.
You can dig through walls and to a lower floor.
Your four strong arms can wield two-handed weapons with a shield.
You have a pair of large antennae on your head (SInv).


Message History

4 orcs and an orc wizard come into view.
* * * LOW HITPOINT WARNING * * *
You feel sick.
The orc shouts!
The orc wizard shouts!
The orc shouts!
The orc shouts!
The orc shouts!
Found a plate armour.
You closely miss the orc wizard. You hit the orc.
The orc is heavily wounded.
You barely miss the orc.
* * * LOW HITPOINT WARNING * * *
You feel sick. You block the orc's attack.
The orc wizard hits you with a dagger of venom.
* * * LOW HITPOINT WARNING * * *
You are more poisoned.
The orc closely misses you.
You closely miss the orc wizard. You hit the orc.
You kill the orc!
You closely miss the orc. You hit the orc.
The orc is severely wounded.
You die...

###########
..........
#.o.......
#oo)......
#.@o......
##.##.##..
.[. ...##
..##. ... .
.... . ....
#.


You could see an orc wizard and 3 orcs.

Vanquished Creatures
  3 adders (D:2)
  An ooze (D:1)
  A giant gecko (D:1)
  An orc (D:3)
  4 goblins
  9 hobgoblins
  9 kobolds
  A bat (D:1)
  2 giant cockroaches
  2 giant newts
  7 rats
40 creatures vanquished.

Notes
Turn   | Place    | Note
--------------------------------------------------------------
     0 | D:1      | hexophile the Formicid Fighter began the quest for the Orb.
     0 | D:1      | Reached XP level 1. HP: 18/18 MP: 1/1
   275 | D:1      | Reached XP level 2. HP: 24/24 MP: 2/2
   320 | D:1      | Reached skill level 4 in Shields
   579 | D:1      | Found a glowing golden altar of the Shining One.
   616 | D:1      | Reached XP level 3. HP: 25/29 MP: 3/3
  1555 | D:2      | Reached XP level 4. HP: 32/35 MP: 4/4
  1672 | D:2      | Reached skill level 5 in Shields
  1819 | D:2      | Found a bloodstained altar of Trog.
  1858 | D:2      | You fall through a shaft!
  1859 | D:3      | HP: 1/35 [orc wizard/dagger of venom (3)]
  1860 | D:3      | Succumbed to an orc wizard's poison

Vault maps used:
D:1:      dpeg_arrival_arbitrary_c, serial_forest,
          infiniplex_forest_clump_curved, infiniplex_forest_lined_2,
          infiniplex_forest_end_2, infiniplex_forest_clump_diagonal,
          infiniplex_forest_clump_small, infiniplex_forest_straight_4,
          infiniplex_forest_lined_2, infiniplex_forest_pool,
          infiniplex_forest_end_double, infiniplex_forest_straight_2,
          tso_metal_star
D:2:      lightli_temple_of_fire

Action                   |  1- 3 |  4- 6 || total
-------------------------+-------+-------++-------
Melee: War axe           |   110 |    35 ||   145
 Abil: Dig               |     1 |       ||     1
       Shaft Self        |       |     1 ||     1
  Use: Potion            |       |     3 ||     3
  Eat: Bread ration      |     1 |       ||     1
